 Dungeon Crawl Stone Soup version 0.26-a0-21-gf97e55dc39 (webtiles) character file.

Game seed: 18074354840260781176, levelgen mode: deterministic

122 vurker the Gusty (level 5, -11/30 HPs)
             Began as a Tengu Air Elementalist on May 26, 2020.
             Mangled by an orc warrior
             ... wielding a +2 halberd of venom
              (24 damage)
             ... on level 5 of the Dungeon.
             The game lasted 00:03:38 (3317 turns).

vurker the Gusty (Tengu Air Elementalist)           Turns: 3317, Time: 00:03:38

Health: -11/30     AC:  3    Str:  8    XL:     5   Next: 6%
Magic:  4/10       EV: 12    Int: 17    God:
Gold:   60         SH:  0    Dex: 14    Spells: 9/10 levels left

rFire    . . .     SeeInvis .   j - +0 dagger
rCold    . . .     Gourm    .   (no shield)
rNeg     . . .     Faith    .   a - +0 robe
rPois    .         Spirit   .   (helmet restricted)
rElec    .         Reflect  .   m - +0 cloak
rCorr    .         Harm     .   (no gloves)
MR       .....                  (boots unavailable)
Stlth    ++........             n - amulet of the acrobat
HPRegen  0.10/turn              (no ring)
MPRegen  0.12/turn              (no ring)

@: no status effects
A: beak, talons 3, able to fly
a: Fly


You were on level 5 of the Dungeon.
You were very hungry.

You visited 1 branch of the dungeon, and saw 4 of its levels.

You collected 60 gold pieces.

Inventory:

Hand Weapons
 j - a +0 dagger (weapon)
   (You took it off a kobold on level 1 of the Dungeon)
Armour
 a - a +0 robe (worn)
 m - a +0 cloak (worn)
   (You found it on level 2 of the Dungeon)
Jewellery
 n - an amulet of the acrobat (around neck)
   (You found it on level 5 of the Dungeon)
Scrolls
 g - 3 scrolls of identify {unknown}
 h - 4 scrolls of remove curse {unknown}
 k - a scroll of teleportation {unknown}
 l - a scroll of immolation {unknown}
Potions
 b - 2 potions of curing {unknown}
 c - a potion of mutation {unknown}
 d - a potion of might {unknown}
 f - a potion of flight {unknown}
 i - a potion of brilliance {unknown}
Comestibles
 e - 6 rations


   Skills:
 + Level 1.7 Fighting
 - Level 2.1 Dodging
 - Level 2.0 Stealth
 * Level 3.1 Spellcasting
 + Level 2.7 Conjurations
 * Level 5.3 Air Magic


You had 9 spell levels left.
You knew the following spells:

 Your Spells              Type           Power        Failure   Level  Hunger
a - Shock                 Conj/Air       ###.         3%          1    None

Your spell library contained the following spells:

 Spells                   Type           Power        Failure   Level  Hunger
 Swiftness                Chrm/Air       ##......     9%          2    ##.....
 Static Discharge         Conj/Air       ###.....     10%         3    ###....
 Airstrike                Air            ###.......   19%         4    ####...
 Lightning Bolt           Conj/Air       ###.......   67%         5    ######.


Dungeon Overview and Level Annotations

Branches:
Dungeon (3/15)

Altars:


Innate Abilities, Weirdness & Mutations

You have a beak for a mouth.
You have claws for feet.
You can fly continuously.


Message History

The zap hits the ooze.
Aim: an ooze (severely wounded)
The zap hits the ooze!
You kill the ooze!
You have reached level 5!
You have gained the ability to fly.
g - 3 scrolls labeled TAWENK OLATRA (gained 1)
You fall into a shaft and drop 2 floors!
The shaft crumbles and collapses.
You enter the shallow water.
Moving in this stuff is going to be slow.
Found a tiny zirconium amulet.
A frilled lizard comes into view.
The frilled lizard hisses angrily.
The zap hits the frilled lizard.
You kill the frilled lizard!
You can't see any susceptible monsters within range! (Use Z to cast anyway.)
n - a tiny zirconium amulet You feel ready to tumble and roll out of harm's way.
n - an amulet of the acrobat (around neck)
An orc comes into view.
Found a notched brass ring and a hunting sling.
The orc shouts!
An orc warrior comes into view. It is wielding a +2 halberd of venom.
You are feeling very hungry.
The zap hits the orc.
The zap misses the orc.
The orc misses you.
The zap hits the orc.
You kill the orc!
You start resting.
An orc comes into view. It is wielding a +0 short sword.
Aim: an orc, wielding a +0 short sword (wandering, hasn't noticed you)
The zap hits the orc.
You kill the orc!
You hear a shout!
Aim: an orc warrior, wielding a +2 halberd of venom and wearing a +0 chain mail The zap misses the orc warrior.
An orc comes into view. It is wielding a +0 short sword.
The zap hits the orc warrior but does no damage. x2
The orc shouts!
The orc warrior closely misses you.
The zap hits the orc warrior.
The zap hits the orc warrior but does no damage.
The orc warrior hits you from afar with a +2 halberd of venom!
Ouch! That really hurt!
* * * LOW HITPOINT WARNING * * *
The zap hits the orc warrior but does no damage.
The zap misses the orc warrior.
The orc warrior hits you from afar with a +2 halberd of venom!!
Ouch! That really hurt!
You die...

≈♣P♣.≈≈.♣
≈≈.≈≈.≈ ♣≈≈≈≈♣
♣P.≈♣ ♣..♣
♣.≈♣♣♣#
♣♣≈P♣.# # #
#♣P.P♣.#.# #.#
#.#.o.@#.#...#
#.#.###o.....#
#............#
###.........=#
####.......#
.o......#
.))......
.....###.#
#..o.# #


You could see an orc warrior and an orc.

Vanquished Creatures
  4 gnolls
  2 adders (D:2)
  2 oozes
  A dart slug (D:2)
  2 leopard geckos
  2 orcs (D:5)
  6 bats
  2 giant cockroaches (D:2)
  4 goblins
  6 hobgoblins
  3 jackals (D:2)
  8 kobolds
  A quokka (D:2)
  5 frilled lizards
  4 rats (D:2)
52 creatures vanquished.

Notes
Turn   | Place    | Note
-------+----------+-------------------------------------------
     0 | D:1      | vurker the Tengu Air Elementalist began the quest for the
                  | Orb.
     0 | D:1      | Reached XP level 1. HP: 10/10 MP: 4/4
   312 | D:1      | Reached XP level 2. HP: 16/16 MP: 3/6
   914 | D:1      | Reached skill level 1 in Fighting
   947 | D:1      | Reached XP level 3. HP: 20/20 MP: 1/7
  1743 | D:2      | Reached XP level 4. HP: 25/25 MP: 3/9
  1822 | D:1      | Reached skill level 5 in Air Magic
  3242 | D:3      | Gained mutation: You can fly continuously. [Tengu growth]
  3242 | D:3      | Reached XP level 5. HP: 30/30 MP: 6/10
  3282 | D:3      | You fall into a shaft and drop 2 floors!
  3282 | D:5      | Entered Level 5 of the Dungeon
  3297 | D:5      | Noticed an orc warrior
  3317 | D:5      | Mangled by an orc warrior

Illustrated notes

Levels and vault maps discovered:
D:1:      matt_arrival_grand_opening, layout_loops_corners,
          minmay_close_crescents
D:2:      layout_loops_ring, first_ration
D:3:      corexii_shack_village, layout_rooms, xom_teletrap_fun, uniq_grinder,
          uniq_jessica
D:5:      layout_basic, palyth_stone_intersect, grunt_ministairs_7,
          serial_bayou_crossing

Skill      XL: |  1  2  3  4 |
---------------+-------------+-----
Fighting       | 1 |  1.7
Conjurations   | 2 |  2.7
Air Magic      | 5 |  5.3
Spellcasting   | 3 |  3.1
Dodging        | |  2.1
Stealth        | |  2.0

Action                   |  1- 3 |  4- 6 || total
-------------------------+-------+-------++-------
Melee: Kick              |     1 |     1 ||     2
       Peck              |     1 |     1 ||     2
       Unarmed           |     1 |       ||     1
       Dagger            |     2 |     3 ||     5
 Cast: Shock             |    70 |    49 ||   119
  Eat: Chunk             |     3 |     4 ||     7
Armor: Robe              |     4 |     2 ||     6
Dodge: Dodged            |     8 |    12 ||    20

Table legend:
 A = Non-vault XP
 B = Vault XP
 C = Vault XP percentage of total XP
 D = Non-vault monster count
 E = Vault monster count
 F = Vault count percentage of total count
                 A         B        C        D         E       F
            +---------+---------+-------+---------+---------+-------
      Total |     174 |       1 |   0.6 |      51 |       1 |   1.9
            +---------+---------+-------+---------+---------+-------
        D:1 |      55 |       1 |   1.8 |      20 |       1 |   4.8
        D:2 |     105 |       0 |   0.0 |      27 |       0 |   0.0
        D:3 |       7 |       0 |   0.0 |       1 |       0 |   0.0
        D:5 |       7 |       0 |   0.0 |       3 |       0 |   0.0
            +---------+---------+-------+---------+---------+-------
